 Dungeon Crawl Stone Soup version 0.31-a0-187-gba352fbbf7 (webtiles) character file.

Game seed: 17111254813874422738

251 qw the Skirmisher (level 5, -6/29 HPs)
             Began as a Deep Elf Hunter on June 22, 2023.
             Mangled by Menkaure (11 damage)
             ... on level 6 of the Dungeon.
             The game lasted 00:00:38 (2014 turns).

qw the Skirmisher (Deep Elf Hunter)                 Turns: 2014, Time: 00:00:39

Health: -6/29      AC:  6    Str: 10    XL:     5   Next: 88%
Magic:  7/7        EV: 11    Int: 14    God:
Gold:   118        SH:  0    Dex: 18    Spells: 4/4 levels left

rFire   . . .        e - +0 shortbow (heavy)
rCold   . . .        (shield currently unavailable)
rNeg    . . .        f - +0 ring mail
rPois   .            (no helmet)
rElec   .            (no cloak)
rCorr   .            c - +0 pair of gloves
SInv    .            (no boots)
Will    .....        (no amulet)
Stlth   +            (no ring)
HPRegen 0.24/turn    (no ring)
MPRegen 0.10/turn

%: no passive effects
@: no status effects
A: no striking features
a: no special abilities


You were on level 6 of the Dungeon.
You visited 1 branch of the dungeon, and saw 4 of its levels.

You collected 118 gold pieces.


   Skills:
 + Level 1.5 Fighting
 - Level 9.5 Ranged Weapons
 - Level 2.4 Dodging
 - Level 1.2 Stealth


You had 4 spell levels left.
You didn't know any spells.
Your spell library was empty.

Inventory:

Hand Weapons
 e - a +0 heavy shortbow (weapon)
Armour
 c - a +0 pair of gloves (worn)
 f - a +0 ring mail (worn)
Jewellery
 g - a ring of protection from cold
Scrolls
 d - 2 scrolls of identify
 h - 2 scrolls of poison {unknown}
Potions
 a - 2 potions of curing
 b - 2 potions of haste {unknown}

Dungeon Overview and Level Annotations

Branches:
Dungeon (6/15)
 Temple: D:4-7

Altars:

Shops:
D:1 [

Annotations:
D:6 Menkaure


Message History

Enter note:
Enter note:
Enter note:
Enter note:
Enter note:
Enter note:
b - 2 coppery potions (gained 1)
You see here an adder corpse.
A sourceless malevolence fills the Dungeon...
You fall into a shaft and drop 3 floors!
The shaft crumbles and collapses.
You now have 118 gold pieces (gained 13).
You open the door.
Found a stone staircase leading down.
Waypoint 3 assigned to D:6.
You open the door.
There is an open door here.
You open the door.
An ice beast comes into view.
Found a mace.
Found an escape hatch in the floor.
You shoot an arrow. The arrow hits the ice beast!
The ice beast is moderately wounded.
You hear a shout!
You shoot an arrow. The arrow hits the ice beast!!
You kill the ice beast!
Menkaure, Prince of Dust comes into view.
Menkaure shouts, "You disturbed my rest!
Die!"
Menkaure calls on the powers of darkness!
Your body is wracked with pain!
Your Ranged Weapons skill increases to level 9!
You shoot an arrow. The arrow hits Menkaure!!
Menkaure is severely damaged.
You shoot an arrow. The arrow hits Menkaure!
Menkaure is almost destroyed.
Menkaure hits you but does no damage.
You shoot an arrow.
The arrow hits Menkaure but does no damage.
Menkaure is almost destroyed.
Menkaure hits you! x2
You die...

#.# #.# #.#
######'###
#........#
#........#
#........#
#....#+##'###
#.... #@#
#.... #M#
#.... ...
#.... >....
#.. #.....)
........
###.......
#########


You could see Menkaure.

Vanquished Creatures
  An ice beast (D:6)
  2 orc wizards (D:3)
  A gnoll (D:1)
  4 adders
  An ufetubus (D:2)
  2 dart slugs
  4 orcs (D:3)
  5 endoplasms
  2 giant cockroaches
  4 goblins
  7 hobgoblins
  2 jackals (D:1)
  2 quokkas (D:2)
  A ball python (D:2)
  5 bats
  A frilled lizard (D:2)
  4 kobolds
  10 rats
58 creatures vanquished.

Notes
Turn   | Place    | Note
-------+----------+-------------------------------------------
     0 | D:1      | qw the Deep Elf Hunter began the quest for the Orb.
     0 | D:1      | Reached XP level 1. HP: 12/12 MP: 3/3
     0 | D:1      | 0 ||| qw: Version: 0.3-a-9-g12657ce
     0 | D:1      | 0 ||| qw: Game counter: 2087
     0 | D:1      | 0 ||| qw: Always use a shield: true
     0 | D:1      | 0 ||| qw: God list: Okawaru
     0 | D:1      | 0 ||| qw: Allow faded altars: false
     0 | D:1      | 0 ||| qw: Do Orc after D:15 true
     0 | D:1      | 0 ||| qw: Do second Lair branch before Depths: true
     0 | D:1      | 0 ||| qw: Lair rune preference: random
     0 | D:1      | 0 ||| qw: Plans: Normal
     0 | D:1      | 0 ||| PLANNING D:1-11
    46 | D:1      | Found Pygir's Antique Armour Boutique.
    55 | D:1      | Reached skill level 6 in Ranged Weapons
    55 | D:1      | Reached XP level 2. HP: 16/16 MP: 4/4
    61 | D:1      | 61 ||| SHOPLISTING pair of gloves (103 gold, have 6).
    61 | D:1      | 61 ||| SHOPLISTING ring mail (92 gold, have 6).
   254 | D:1      | Reached XP level 3. HP: 20/20 MP: 5/5
   353 | D:1      | 353 ||| UPGRADING to +0 ring mail.
   363 | D:1      | 363 ||| DROPPING +0 leather armour.
   364 | D:1      | 364 ||| READING scroll labelled DOEREB EPTIPIPS.
   365 | D:1      | 365 ||| READING scroll labelled SEOCSEQ JEBIVO.
   366 | D:1      | 366 ||| DROPPING scroll of butterflies.
   520 | D:2      | Reached skill level 7 in Ranged Weapons
   605 | D:2      | Reached XP level 4. HP: 25/25 MP: 6/6
   842 | D:2      | Found a faded altar of an unknown god.
  1161 | D:2      | 1161 ||| UPGRADING to +0 pair of gloves.
  1166 | D:2      | 1166 ||| DROPPING +6 ring of intelligence.
  1167 | D:2      | 1167 ||| READING scroll labelled HIACWO JUMOBITT.
  1168 | D:2      | 1168 ||| READING scroll labelled XUNOUF ETOO.
  1169 | D:2      | 1169 ||| READING scroll labelled LAODYCH MUTAE.
  1170 | D:2      | 1170 ||| DRINKING 3 amethyst potions.
  1272 | D:3      | 1272 ||| DRINKING 2 potions of curing.
  1272 | D:3      | 1272 ||| (to cure confusion)
  1275 | D:3      | Reached skill level 8 in Ranged Weapons
  1278 | D:3      | 1278 ||| FLEEEEING.
  1279 | D:3      | 1279 ||| FLEEEEING.
  1280 | D:3      | 1280 ||| FLEEEEING.
  1297 | D:3      | HP: 4/25 [something/puff of flame (8)]
  1299 | D:3      | Reached XP level 5. HP: 6/29 MP: 7/7
  1997 | D:3      | You fall into a shaft and drop 3 floors!
  2009 | D:6      | Noticed an ice beast
  2011 | D:6      | Killed an ice beast
  2011 | D:6      | Noticed Menkaure
  2012 | D:6      | Reached skill level 9 in Ranged Weapons
  2014 | D:6      | HP: 5/29 [Menkaure (12)]
  2014 | D:6      | Mangled by Menkaure

Levels and vault maps discovered:
D:1:      amcnicky_arrival_choice, layout_rooms, serial_shops, shop
D:2:      layout_basic, shapermc_ecumenical_altar_mp_vishouse
D:3:      layout_loops_ring, serial_bayou_pond_a, minivault_25
D:6:      layout_basic, minmay_temple_entry_antechambers,
          uniq_crazy_yiuf_cottage, uniq_blork_the_orc, uniq_menkaure

Skill      XL: |  1  2  3  4  5 |
---------------+----------------+-----
Ranged Weapons | 6 7 8 9 |  9.5
Fighting       | |  1.5
Dodging        | |  2.4
Stealth        | |  1.2

Action                     |  1- 3 |  4- 6 || total
---------------------------+-------+-------++-------
   Fire: Shortbow          |    63 |    63 ||   126
    Use: Scroll            |     2 |     3 ||     5
         Potion            |       |     2 ||     2
 Armour: Leather armour    |     2 |       ||     2
         Ring mail         |     1 |    15 ||    16
  Dodge: Dodged            |     5 |    11 ||    16

Table legend:
 A = Non-vault XP
 B = Vault XP
 C = Vault XP percentage of total XP
 D = Non-vault monster count
 E = Vault monster count
 F = Vault count percentage of total count
                 A         B        C        D         E       F
            +---------+---------+-------+---------+---------+-------
      Total |     359 |       0 |   0.0 |      58 |       0 |   0.0
            +---------+---------+-------+---------+---------+-------
        D:1 |      46 |       0 |   0.0 |      21 |       0 |   0.0
        D:2 |      78 |       0 |   0.0 |      22 |       0 |   0.0
        D:3 |     108 |       0 |   0.0 |      14 |       0 |   0.0
        D:6 |     127 |       0 |   0.0 |       1 |       0 |   0.0
            +---------+---------+-------+---------+---------+-------
